 Dungeon Crawl Stone Soup version 0.28-a0-861-ge64d6db94f (webtiles) character file.

Game seed: 13787403367498079201

3148 a11behringer the Basher (level 9, -1/75 HPs)
             Began as a Yellow Draconian Berserker on Nov 16, 2021.
             Was a Priest of Trog.
             Slain by a gnoll (2 damage)
             ... on level 6 of the Dungeon.
             The game lasted 00:22:29 (6171 turns).

a11behringer the Basher (DrBe)                      Turns: 6171, Time: 00:22:30

Health: -1/75      AC: 12    Str: 22    XL:     9   Next: 62%
Magic:  9/9        EV: 13    Int:  8    God:    Trog [***...]
Gold:   490        SH:  0    Dex: 11    Spells: 8/8 levels left

rFire   . . .      SeeInvis .   l - +2 mace (holy)
rCold   . . .      Faith    .   (no shield)
rNeg    . . .      Spirit   .   (armour unavailable)
rPois   .          Reflect  .   (helmet restricted)
rElec   .          Harm     .   s - +0 cloak
rCorr   +          Rampage  .   e - +2 pair of gloves
Will    ++...                   y - +0 pair of boots
Stlth   ++........              (no amulet)
HPRegen 1.22/turn               (no ring)
MPRegen 0.11/turn               (no ring)

@: strong-willed, on berserk cooldown, regenerating, slowed, very slow
A: spit acid, AC +7, unfitting armour, cold-blooded, acid resistance
a: Breathe Acid, Renounce Religion, Berserk, Trog's Hand


You were on level 6 of the Dungeon.
You worshipped Trog.
Trog was most pleased with you.
You visited 1 branch of the dungeon, and saw 6 of its levels.
You also visited: Ossuary.

You collected 490 gold pieces.

Inventory:

Hand Weapons
 a - a +0 mace
 c - a +0 hunting sling
 f - a +1 shortbow of flaming
 l - a +2 mace of holy wrath (weapon)
 r - a +1 dire flail of protection
 w - a +0 whip of freezing
Missiles
 o - 35 sling bullets
 u - 130 arrows
Armour
 e - a +2 pair of gloves (worn)
 s - a +0 cloak (worn)
 y - a +0 pair of boots (worn)
Wands
 v - a wand of acid (9)
 C - a wand of mindburst (9)
Scrolls
 b - 2 scrolls of teleportation
 i - a scroll of vulnerability
 k - a scroll of torment
 x - a scroll of enchant weapon {unknown}
 z - a scroll of blinking {unknown}
 B - a scroll of identify
 D - a scroll of silence
 E - a scroll of fear {unknown}
Potions
 d - a potion of resistance
 g - 2 potions of heal wounds {unknown}
 h - 3 potions of curing
 j - 2 potions of lignification {unknown}
 m - 2 potions of flight {unknown}
 n - 2 potions of might {unknown}
 p - a potion of haste
 q - a potion of mutation {unknown}
 t - a potion of berserk rage {unknown}
 A - a potion of magic {unknown}
 F - a potion of attraction {unknown}


   Skills:
 + Level 6.0 Fighting
 * Level 11.4 Maces & Flails
 + Level 5.4 Dodging
 + Level 3.4 Stealth


You had 8 spell levels left.
You didn't know any spells.
Your spell library was empty.

Dungeon Overview and Level Annotations

Branches:
Dungeon (6/15)             Temple (0/1) D:5         Ossuary (visited)

Altars:
Gozag
Hepliaklqana

Shops:
D:3 ![??(

Annotations:
D:3 2 transporters, pascalblue's ghost, amateur DECj


Innate Abilities, Weirdness & Mutations

You can spit globs of acid.
Your golden yellow scales are hard. (AC +7)
You cannot fit into any form of body armour.
You are cold-blooded and may be slowed by cold attacks.
You are resistant to acid. (rCorr)


Message History

The gnoll sergeant hits you with a +0 spear!
The gnoll hits you from afar with a +0 halberd!
You sock the gnoll sergeant!
You kill the gnoll sergeant!
Trog accepts your kill.
You are no longer berserk.
You are exhausted.
You feel yourself slow down. The gnoll closely misses you.
The gnoll hits you with a +2 spear of flaming.
The gnoll burns you. The gnoll completely misses you.
The gnoll hits you with a +0 spear. The gnoll hits you but does no damage.
The gnoll hits you with a +0 halberd!
Things that are here:
a +0 spear; a +3 ring mail of fire resistance You hit the gnoll.
The gnoll is lightly wounded.
The gnoll closely misses you.
The gnoll hits you with a +2 spear of flaming.
The gnoll burns you. The gnoll barely misses you.
You sock the gnoll!
The gnoll is almost dead.
The gnoll misses you.
The gnoll hits you with a +2 spear of flaming.
* * * LOW HITPOINT WARNING * * *
The gnoll burns you.
* * * LOW HITPOINT WARNING * * *
The gnoll hits you with a +0 halberd.
* * * LOW HITPOINT WARNING * * *
The gnoll hits you with a +0 spear.
* * * LOW HITPOINT WARNING * * *
The gnoll hits you from afar with a +2 spear of flaming.
* * * LOW HITPOINT WARNING * * *
The gnoll burns you.
* * * LOW HITPOINT WARNING * * *
The gnoll hits you from afar with a +0 halberd!
* * * LOW HITPOINT WARNING * * *
The gnoll hits you but does no damage.
The gnoll hits you from afar with a +2 spear of flaming.
You die...

###.........# #.........)
#.........# #..........
#.........###+##..........
#..............#..........
#..............#..........
#........#.....#..........
#.......(#.....###.#####..
#........####### #. ...
#########@g....# #.)....#
#gg....# #......# #....[.+
#......# ###### #......#
#.# #....# #......# #.#
#....# #####+#### #.#


You could see 3 gnolls.

Vanquished Creatures
  Pikel (D:5)
  Grinder (D:4)
  Edmund (D:4)
  A water moccasin (D:3)
  An ice beast (D:5)
  3 black bears
  3 necrophages (D:4)
  3 ogres
  4 centaurs
  A gnoll sergeant (D:6)
  A scorpion (D:4)
  A howler monkey (D:3)
  2 centaur zombies (D:6)
  2 hounds (D:4)
  A jelly (D:5)
  A centaur skeleton (D:6)
  A bullfrog skeleton (D:5)
  Crazy Yiuf (D:5)
  Natasha (D:4)
  2 iguanas
  9 mummies
  7 gnolls
  3 adders
  A white imp (D:6)
  A worm (D:4)
  4 orcs
  2 bats (D:1)
  7 endoplasms
  A giant cockroach (D:1)
  A gnoll zombie (Ossuary)
  9 hobgoblins
  11 kobolds
  A quokka (D:3)
  2 ball pythons
  4 frilled lizards
  8 goblins
  2 hobgoblin zombies (Ossuary)
  3 kobold zombies (Ossuary)
  2 orc zombies (Ossuary)
  6 rats
116 creatures vanquished.

Vanquished Creatures (others)
  6 plants (D:3)
6 creatures vanquished.

Grand Total: 122 creatures vanquished

Notes
Turn   | Place    | Note
-------+----------+-------------------------------------------
     0 | D:1      | a11behringer the Draconian Berserker began the quest for
                  | the Orb.
     0 | D:1      | Reached XP level 1. HP: 19/19 MP: 1/1
   290 | D:1      | Reached XP level 2. HP: 24/26 MP: 2/2
   629 | D:1      | You fall into a shaft and drop 1 floor!
  1024 | D:1      | Reached XP level 3. HP: 32/33 MP: 3/3
  1792 | D:3      | Found Cuudduog's Distillery.
  1886 | D:3      | Noticed a water moccasin
  1891 | D:3      | Killed a water moccasin
  1892 | D:3      | Reached skill level 4 in Maces & Flails
  1892 | D:3      | Reached XP level 4. HP: 40/40 MP: 4/4
  2036 | D:3      | Found a transporter.
  2036 | D:3      | Found a transporter.
  2046 | D:3      | Identified the +5 trident of the Vanishing Violins {vamp,
                  | Fly rF+ Will+}
  2046 | D:3      | Noticed a gnoll sergeant
  2052 | D:3      | Noticed pascalblue's ghost (amateur DECj)
  2081 | D:3      | Reached XP level 5. HP: 46/46 MP: 5/5
  2133 | D:3      | Found Jotsahol's Antique Armour Shop.
  2206 | D:3      | Found Ilucou's Magic Scroll Emporium.
  2215 | D:3      | Reached ** piety under Trog
  2216 | D:3      | Reached skill level 5 in Maces & Flails
  2287 | D:3      | Found Nalill Xuod's Weapon Boutique.
  2316 | D:3      | Found Jyodas's Magic Scroll Emporium.
  2888 | D:4      | Noticed a necrophage
  2893 | D:4      | Killed a necrophage
  2894 | D:4      | Reached skill level 1 in Stealth
  2894 | D:4      | Reached XP level 6. HP: 52/52 MP: 6/6
  2932 | D:4      | Noticed Grinder
  2937 | D:4      | Noticed Natasha
  2941 | D:4      | Killed Grinder
  2942 | D:4      | Reached skill level 6 in Maces & Flails
  2943 | D:4      | Killed Natasha
  2970 | D:4      | Found a sand-covered staircase.
  2975 | D:4      | Your scales start taking on a golden yellow colour.
  2975 | D:4      | Reached XP level 7. HP: 42/60 MP: 7/7
  2975 | D:4      | Gained mutation: You are resistant to acid. (rCorr) [Yellow
                  | Draconian growth]
  2978 | Ossuary  | Entered an ossuary
  3096 | Ossuary  | Reached skill level 7 in Maces & Flails
  3453 | D:4      | Noticed Edmund
  3476 | D:4      | Killed Edmund
  3953 | D:4      | Reached skill level 8 in Maces & Flails
  3997 | D:4      | Reached XP level 8. HP: 67/67 MP: 8/8
  4404 | D:5      | Entered Level 5 of the Dungeon
  4444 | D:5      | Reached skill level 5 in Fighting
  4631 | D:5      | Found a staircase to the Ecumenical Temple.
  4641 | D:5      | Noticed Pikel
  4654 | D:5      | Killed Pikel
  4655 | D:5      | Reached skill level 9 in Maces & Flails
  5106 | D:5      | Reached skill level 10 in Maces & Flails
  5111 | D:5      | Reached *** piety under Trog
  5260 | D:5      | Reached XP level 9. HP: 74/74 MP: 9/9
  5287 | D:5      | Found a runed translucent door.
  5288 | D:5      | Noticed Crazy Yiuf
  5335 | D:5      | Killed Crazy Yiuf
  5793 | D:6      | Reached skill level 5 in Dodging
  5838 | D:6      | Found an opulent altar of Gozag.
  5838 | D:6      | Found a hazy altar of Hepliaklqana.
  6016 | D:6      | Reached skill level 11 in Maces & Flails
  6171 | D:6      | HP: 1/75 [gnoll (7)]
  6171 | D:6      | Slain by a gnoll

Illustrated notes

Levels and vault maps discovered:
D:1:      erik_arrival_blinker_ship, layout_loops_corners,
          minmay_close_crescents
D:2:      layout_basic
D:3:      kb_forest_paths, layout_basic, serial_shops, nicolae_shop_stone, shop,
          shop, shop, nicolae_shop_stone, gammafunk_ghost_gnarly_gnolls,
          minmay_misc_feat_more_columns, minmay_misc_feat_room
D:4:      layout_loops_corners, gup_ossuary_entry_pyramid, uniq_edmund,
          uniq_natasha, uniq_grinder
D:5:      layout_gridville, minmay_temple_entry_butterflies,
          kennysheep_generic_room_12, uniq_pikel, uniq_crazy_yiuf_cottage
D:6:      layout_basic, gammafunk_temple_overflow_statue

Skill      XL: |  1  2  3  4  5  6  7  8  9 |
---------------+----------------------------+-----
Fighting       | 4 5 6 |  6.0
Maces & Flails | 4 5 6 8 10 11 | 11.4
Dodging        | 3 4 5 |  5.4
Stealth        | 1 2 3 |  3.4

Action                   |  1- 3 |  4- 6 |  7- 9 || total
-------------------------+-------+-------+-------++-------
Melee: Mace              |    69 |    62 |   249 ||   380
       Tailslap          |     6 |     6 |    32 ||    44
Invok: Berserk           |     1 |     2 |     4 ||     7
       Trog's Hand       |       |     1 |     5 ||     6
 Abil: Breathe Acid      |       |       |     3 ||     3
  Use: Scroll            |       |     4 |     5 ||     9
 Stab: Sleeping          |       |     1 |     5 ||     6
Armor: Skin              |    28 |     9 |   118 ||   155
Dodge: Dodged            |    34 |    27 |   201 ||   262

Table legend: (Time is in decaauts)
 A = Elapsed time spent in this place.
 B = Non-inter-level travel time spent in this place.
 C = Inter-level travel time spent in this place.
 D = Time resting spent in this place.
 E = Time spent auto-exploring this place.
 F = Levels seen in this place.
 G = Mean time per level.
                   A        B        C        D        E       F      G
               +--------+--------+--------+--------+--------+-----+--------+
         Total |   6228 |   5371 |    857 |      0 |   4359 |   7 |  889.7 |
       Dungeon |   5954 |   5097 |    857 |      0 |   4256 |   6 |  992.3 |
       Ossuary |    274 |    274 |      0 |      0 |    103 |   1 |  274.0 |
               +--------+--------+--------+--------+--------+-----+--------+

Top non-repeatable levels by time:
     D:4: 1269 daAuts
     D:5: 1238 daAuts
     D:3: 1125 daAuts
     D:1: 1106 daAuts
     D:2: 684 daAuts
     D:6: 530 daAuts
 Ossuary: 274 daAuts
